 Dungeon Crawl Stone Soup version 0.24-a0-201-gf205589 (webtiles) character file.

Game seed: 587761202291924120

69 Borgoz the Sneak (level 4, -3/35 HPs)
             Began as a Ghoul Enchanter on Mar 24, 2019.
             Slain by an orc
             ... wielding a +0 flail
              (11 damage)
             ... on level 3 of the Dungeon.
             The game lasted 00:03:21 (1780 turns).

Borgoz the Sneak (Ghoul Enchanter)                  Turns: 1780, Time: 00:03:22

Health: -3/35      AC:  5    Str: 11    XL:     4   Next: 20%
Magic:  5/5        EV: 10    Int: 10    God:
Gold:   111        SH:  0    Dex: 10    Spells: 5/6 levels left

rFire    + . .     SeeInvis .   a - +1 dagger
rCold    . . .     Gourm    .   (no shield)
rNeg     + + +     Faith    .   n - +0 ring mail
rPois    ∞         Spirit   .   (no helmet)
rElec    .         Reflect  .   (no cloak)
rCorr    .         Harm     .   (no gloves)
MR       .....                  (no boots)
Stlth    ++........             (no amulet)
HPRegen  0.00/turn              i - ring of fire
MPRegen  0.09/turn              (no ring)

@: rotting
A: rotting body, claws 1, carnivore, cold resistance 1, negative energy
resistance 3, inhibited regeneration, torment resistance, unbreathing
a: no special abilities


You were on level 3 of the Dungeon.
You were not hungry.

You visited 1 branch of the dungeon, and saw 3 of its levels.

You collected 111 gold pieces.

Inventory:

Hand Weapons
 a - a +1 dagger (weapon)
Missiles
 g - 14 poisoned needles
Armour
 n - a +0 ring mail (worn)
Jewellery
 i - a ring of fire (left claw)
Scrolls
 c - 3 scrolls of identify {unknown}
 h - a scroll of immolation {unknown}
 j - a scroll of fear {unknown}
 k - 2 scrolls of fog {unknown}
Potions
 b - a potion of lignification {unknown}
 e - a potion of curing {unknown}
 l - 2 potions of heal wounds {unknown}
 m - a potion of might {unknown}
 o - a potion of brilliance {unknown}
 p - 2 potions of berserk rage {unknown}
 q - a potion of magic {unknown}
Comestibles
 d - 3 rations


   Skills:
 + Level 1.0 Fighting
 + Level 1.7 Short Blades
 + Level 0.1 Armour
 + Level 2.3 Dodging
 + Level 4.0 Stealth
 + Level 1.9 Spellcasting
 + Level 2.7 Hexes


You had 5 spell levels left.
You knew the following spells:

 Your Spells              Type           Power        Failure   Level  Hunger
a - Corona                Hex            #......      26%         1    ##.....

Your spell library contained the following spells:

 Spells                   Type           Power        Failure   Level  Hunger
 Ensorcelled Hibernation  Hex/Ice        #.....       54%         2    ###....
 Confuse                  Hex            #.......     58%         3    ####...
 Tukima's Dance           Hex            #.......     58%         3    ####...
 Dazzling Spray           Conj/Hex       #.....       78%         3    ####...


Dungeon Overview and Level Annotations

Branches:
Dungeon (3/15)

Altars:


Innate Abilities, Weirdness & Mutations

Your body is rotting away.
You thrive on raw meat.
You are immune to poison.
You have sharp fingernails.
You are carnivorous and can eat meat at any time.
Your flesh is cold resistant. (rC+)
You are immune to negative energy. (rN+++)
You do not regenerate when monsters are visible.
You are immune to unholy pain and torment.
You can survive without breathing.


Message History

You kill the orc!
You hit the orc but do no damage. The orc hits you with a +0 club.
* * * LOW HITPOINT WARNING * * *
You hit the orc but do no damage. You completely miss the orc.
The orc hits you but does no damage.
You hit the orc but do no damage. The orc closely misses you.
You hit the orc.
The orc is lightly wounded.
The orc hits you but does no damage.
Okay, then.
You hit the orc.
The orc is heavily wounded.
The orc hits you with a +0 club.
* * * LOW HITPOINT WARNING * * *
You hit the orc.
You kill the orc!
Your Fighting skill increases to level 1!
You hit the orc but do no damage. The orc hits you but does no damage.
You hit the orc but do no damage. The orc hits you with a +0 flail!
You die...

#.# #.# # #.# ########### #
#.# #.......... # #.#
+..)....... # #.#
#.#.......... # #.#
#.#.########## # #.#
#.#o##.......# # #.#
#.#@##.......# # #.#
#.#.##.......#
#######.######.#.##.......##
..................'.......>#
.####.#.#####...###.......##
..# #.#.#####...# #.......#
#.###+#...>.'...# #.......#
#.#......####...# #.......#
#........# #...# #.......#


You could see an orc.

Vanquished Creatures
  A gnoll (D:1)
  3 dart slugs
  2 leopard geckos (D:1)
  3 orcs (D:3)
  6 bats
  3 giant cockroaches
  7 goblins
  3 hobgoblins
  3 jackals (D:1)
  A quokka (D:2)
  3 frilled lizards
  3 kobolds
  9 rats
47 creatures vanquished.

Notes
Turn   | Place    | Note
-------+----------+-------------------------------------------
     0 | D:1      | Borgoz the Ghoul Enchanter began the quest for the Orb.
     0 | D:1      | Reached XP level 1. HP: 14/14 MP: 2/2
   175 | D:1      | Reached XP level 2. HP: 20/20 MP: 3/3
   359 | D:1      | Reached skill level 1 in Short Blades
   431 | D:1      | Reached XP level 3. HP: 13/26 MP: 4/4
  1253 | D:2      | Reached skill level 4 in Stealth
  1342 | D:2      | Reached XP level 4. HP: 34/34 MP: 5/5
  1778 | D:3      | Reached skill level 1 in Fighting
  1780 | D:3      | Slain by an orc

Levels and vault maps discovered:
D:1:      lemuel_arrival_lava_pool, layout_basic
D:2:      layout_loops_ring, first_ration
D:3:      layout_basic

Skill      XL: |  1  2  3  4 |
---------------+-------------+-----
Dodging        | 2 |  2.3
Short Blades   | 1 |  1.7
Stealth        | 4 |  4.0
Fighting       | 1 |  1.0
Armour         | |  0.1
Spellcasting   | |  1.9
Hexes          | |  2.7

Action                   |  1- 3 |  4- 6 || total
-------------------------+-------+-------++-------
Melee: Dagger            |   134 |    51 ||   185
 Stab: Sleeping          |     8 |     1 ||     9
  Eat: Chunk             |    10 |     2 ||    12
Armor: Robe              |    16 |       ||    16
       Ring mail         |    11 |    18 ||    29
Dodge: Dodged            |    81 |    14 ||    95

Table legend:
 A = Non-vault XP
 B = Vault XP
 C = Vault XP percentage of total XP
 D = Non-vault monster count
 E = Vault monster count
 F = Vault count percentage of total count
                 A         B        C        D         E       F
            +---------+---------+-------+---------+---------+-------
      Total |      99 |       0 |   0.0 |      47 |       0 |   0.0
            +---------+---------+-------+---------+---------+-------
        D:1 |      64 |       0 |   0.0 |      29 |       0 |   0.0
        D:2 |      19 |       0 |   0.0 |      11 |       0 |   0.0
        D:3 |      16 |       0 |   0.0 |       7 |       0 |   0.0
            +---------+---------+-------+---------+---------+-------
